 Dungeon Crawl Stone Soup version 0.32-a0-675-gdc239d62e1 (webtiles) character file.

Game seed: 7719918675192794602

993 kwel01 the Ruffian (level 7, -1/68 HPs)
             Began as a Troll Monk on Mar 11, 2024.
             Was a Believer of Wu Jian.
             Slain by a gnoll sergeant
             ... wielding a +4 vampiric spear
              (15 damage)
             ... on level 5 of the Dungeon.
             The game lasted 00:23:59 (3930 turns).

kwel01 the Ruffian (Troll Monk)                     Turns: 3930, Time: 00:23:59

Health: -1/68      AC:  4    Str: 20    XL:     7   Next: 98%
Magic:  9/9        EV: 10    Int:  8    God:    Wu Jian [**....]
Gold:   231        SH:  0    Dex: 12    Spells: 5/10 levels left

rFire   . .          .
                       - Unarmed
rCold   . . .        c - orb {light}
rNeg    . . .        a - +0 robe
rPois   .            (helmet restricted)
rElec   .            (no cloak)
rCorr   .            (gloves unavailable)
SInv    .            (boots unavailable)
Will    .....        (no amulet)
Stlth   +            j - ring of wizardry
HPRegen 1.11/turn    m - +4 ring of slaying
MPRegen 0.11/turn

%: wizardry (x1)
@: glowing
A: large, unfitting armour, claws 3, regeneration 1, shaggy fur 1, tough skin 1
a: Renounce Religion, Wall Jump


You were on level 5 of the Dungeon.
You worshipped Wu Jian.
Wu Jian was pleased with you.
You visited 2 branches of the dungeon, and saw 6 of its levels.

You collected 231 gold pieces.

Inventory:

Missiles
 k - 2 throwing nets
Armour
 a - a +0 robe (worn)
 c - an orb of light (worn)
Jewellery
 j - a ring of wizardry (left claw)
 m - a +4 ring of slaying (right claw)
 o - an amulet of the acrobat
 r - a ring of magical power
 t - a +6 ring of dexterity
Wands
 h - a wand of flame (18)
 p - a wand of light (15) (quivered)
Scrolls
 e - 9 scrolls of identify
 g - a scroll of poison {unknown}
 q - 3 scrolls of teleportation
 s - 2 scrolls of noise
Potions
 b - a potion of ambrosia
 d - 2 potions of curing
 f - 3 potions of resistance
 i - a potion of heal wounds
 l - a potion of haste
 n - a potion of enlightenment
 u - a potion of might


   Skills:
 + Level 3.7 Fighting
 + Level 3.5 Dodging
 + Level 0.4 Stealth
 + Level 6.6 Unarmed Combat
 * Level 2.0 Spellcasting
 * Level 2.3 Summonings


You had 5 spell levels left.
You knew the following spells:

 Your Spells              Type           Power      Damage    Failure   Level
a - Call Imp              Summ           8%         N/A       9%          2
b - Swiftness             Air            0%         N/A       38%         3

Your spell library contained the following spells:

 Spells                   Type           Power      Damage    Failure   Level
 Shock                    Conj/Air       0%         1d3       14%         1
 Sublimation of Blood     Necr           0%         N/A       21%         2
 Airstrike                Air            0%         2d(0-16)  77%         4
 Summon Hydra             Summ           2%         N/A       100%        7


Dungeon Overview and Level Annotations

Branches:
Dungeon (5/15)             Temple (1/1) D:5

Altars:
Ashenzari
Cheibriados
Elyvilon
Fedhas
Makhleb
Qazlal
Trog
Uskayaw
Vehumet
Wu Jian
Yredelemnul
The Shining One

Shops:
D:4 *


Innate Abilities, Weirdness & Mutations

You are too large for most types of armour.
You have claws for hands.
Your natural rate of healing is unusually fast.
You are covered in fur. (AC +1)
You have tough skin. (AC +1)


Message History

The gnoll sergeant shouts!
The orc zaps a wand.
The puff of flame misses you.
You mangle the orc!!
You kill the orc!
The Council accepts your kill.
You barely miss the gnoll. The gnoll barely misses you.
You claw the gnoll!
The gnoll is heavily wounded.
The gnoll sergeant barely misses you. The gnoll barely misses you.
You claw the gnoll!
You kill the gnoll!
The Council accepts your kill. The gnoll sergeant closely misses you.
The gnoll sergeant hits you with a +4 vampiric spear!
There is a broken door, spattered with blood here.
Items here: ))))) / [[ ††.
You claw the gnoll sergeant!
The gnoll sergeant is moderately wounded.
The gnoll sergeant hits you with a +4 vampiric spear!
The gnoll sergeant draws strength from your wounds!
You scratch the gnoll sergeant.
The gnoll sergeant is lightly wounded.
The gnoll sergeant hits you with a +4 vampiric spear!
You scratch the gnoll sergeant.
The gnoll sergeant is moderately wounded.
You claw the gnoll sergeant!
The gnoll sergeant is heavily wounded.
The gnoll sergeant hits you with a +4 vampiric spear.
The gnoll sergeant draws strength from your wounds!
You scratch the gnoll sergeant but do no damage.
The gnoll sergeant is heavily wounded.
The gnoll sergeant hits you with a +4 vampiric spear!
The gnoll sergeant draws strength from your wounds!
You scratch the gnoll sergeant.
The gnoll sergeant is heavily wounded.
The gnoll sergeant hits you with a +4 vampiric spear!
* * * LOW HITPOINT WARNING * * *
The gnoll sergeant draws strength from your wounds!
The gnoll sergeant hits you from afar with a +4 vampiric spear!
You die...

###################...######.....
..................[..............
~~~≈~~~≈~~~~~~~~~~....~~≈~~~~~≈~≈
≈≈≈≈≈~≈≈≈≈≈≈≈≈≈≈≈≈....~≈≈≈≈≈≈≈≈≈≈
~#####~~~~~~~~≈~~~....~≈~~~~~~~~~
≈#.go#...........................
≈#...#############''''###########
~###+# #######....# ≈≈.#
+...)@))...+ ~~.# #######g...#
≈~.# ##''## ≈≈.# .... ~~.# .....
≈~.# ..... ~≈.# .... ≈≈.# '####
≈###+#


You could see a gnoll sergeant.

Vanquished Creatures
  A water moccasin (D:5)
  A black bear (D:5)
  An ogre (D:5)
  A phantom (D:5)
  2 scorpions (D:5)
  A hound (D:5)
  3 orc priests
  Jessica (D:3)
  3 orc wizards (D:5)
  An iguana (D:3)
  9 gnolls
  4 adders
  27 orcs
  5 bats
  9 endoplasms
  3 giant cockroaches
  8 goblins
  4 hobgoblins
  11 jackals
  A quokka (D:3)
  3 ball pythons (D:1)
  4 frilled lizards
  7 kobolds
  12 rats
122 creatures vanquished.

Vanquished Creatures (collateral kills)
  A gnoll (D:5)
  3 jackals (D:5)
4 creatures vanquished.

Grand Total: 126 creatures vanquished

Notes
Turn   | Place    | Note
-------+----------+-------------------------------------------
     0 | D:1      | kwel01 the Troll Monk began the quest for the Orb.
     0 | D:1      | Reached XP level 1. HP: 22/22 MP: 0/0
   121 | D:1      | Reached XP level 2. HP: 28/29 MP: 1/1
   554 | D:2      | Reached XP level 3. HP: 35/36 MP: 2/2
  1507 | D:2      | Learned a level 2 spell: Call Imp
  1511 | D:3      | Reached XP level 4. HP: 32/45 MP: 3/3
  1774 | D:3      | Identified the +0 robe of Wu Jian's Delight {rF+ rCorr
                  | Int+3 Dex-3}
  1890 | D:3      | Found a faded altar of an unknown god.
  1891 | D:3      | Noticed Jessica
  1893 | D:3      | Reached skill level 4 in Unarmed Combat
  1898 | D:3      | Killed Jessica
  1899 | D:3      | Reached XP level 5. HP: 45/53 MP: 5/5
  2070 | D:4      | Reached skill level 1 in Spellcasting
  2278 | D:4      | Found a broken altar of Ashenzari.
  2353 | D:4      | Found Ulieph's General Store.
  2438 | D:4      | Found a snail-covered altar of Cheibriados.
  2438 | D:4      | Found a blossoming altar of Fedhas.
  2524 | D:4      | Reached skill level 1 in Summonings
  2824 | D:5      | Entered Level 5 of the Dungeon
  2894 | D:5      | Reached XP level 6. HP: 61/61 MP: 6/6
  2912 | D:5      | Noticed a water moccasin
  2922 | D:5      | Killed a water moccasin
  2923 | D:5      | Reached skill level 5 in Unarmed Combat
  3007 | D:5      | Reached XP level 7. HP: 60/67 MP: 8/8
  3028 | D:5      | Identified the +8 morningstar "Papnuo" {speed, rPois SInv}
  3076 | D:5      | Learned a level 3 spell: Swiftness
  3232 | D:5      | Reached skill level 6 in Unarmed Combat
  3262 | D:5      | Found a staircase to the Ecumenical Temple.
  3471 | Temple   | Entered the Ecumenical Temple
  3539 | Temple   | Became a worshipper of the Wu Jian Council
  3539 | Temple   | Reached * piety under Wu Jian
  3539 | Temple   | Reached ** piety under Wu Jian
  3930 | D:5      | Slain by a gnoll sergeant

Illustrated notes

Levels and vault maps discovered:
D:1:      minmay_arrival_nine_rooms, layout_rooms, minivault_4,
          supply_closet_lemuel
D:2:      minmay_chambers_of_ones, layout_basic
D:3:      layout_rooms, ebering_ecumenical_altar_sacrificial, uniq_jessica
D:4:      wander_river, layout_loops_ring, ashenzari_conservatory_becter,
          gammafunk_temple_overflow_wave, serial_shops, shop
D:5:      lemuel_castle_with_subvaults [lemuel_castle_interior_original],
          layout_basic, minmay_temple_entry_waves
Temple:   dpeg_three_leaves_temple

Skill      XL: |  1  2  3  4  5  6  7 |
---------------+----------------------+-----
Fighting       | 3 |  3.7
Unarmed Combat | 4 5 6 |  6.6
Spellcasting   | 1 2 |  2.0
Summonings     | 1 2 |  2.3
Dodging        | 3 |  3.5
Stealth        | |  0.4

Action                     |  1- 3 |  4- 6 |  7- 9 || total
---------------------------+-------+-------+-------++-------
  Melee: Unarmed           |    66 |    87 |    77 ||   230
   Cast: Call Imp          |       |     3 |     4 ||     7
Ability: Lunge             |       |       |     4 ||     4
    Use: Scroll            |     6 |     3 |       ||     9
         Potion            |     7 |     2 |       ||     9
 Armour: Robe              |    32 |    42 |    55 ||   129
  Dodge: Dodged            |    23 |    47 |    39 ||   109

Table legend: (Time is in decaauts)
 A = Elapsed time spent in this place.
 B = Non-inter-level travel time spent in this place.
 C = Inter-level travel time spent in this place.
 D = Time resting spent in this place.
 E = Time spent auto-exploring this place.
 F = Levels seen in this place.
 G = Mean time per level.
                   A        B        C        D        E       F      G
               +--------+--------+--------+--------+--------+-----+--------+
         Total |   3891 |   3611 |    280 |    449 |   1584 |   6 |  648.5 |
       Dungeon |   3813 |   3533 |    280 |    449 |   1584 |   5 |  762.6 |
        Temple |     77 |     77 |      0 |      0 |      0 |   1 |   77.0 |
               +--------+--------+--------+--------+--------+-----+--------+

Top non-repeatable levels by time:
     D:5: 1016 daAuts
     D:2: 960 daAuts
     D:4: 806 daAuts
     D:1: 542 daAuts
     D:3: 487 daAuts
  Temple: 77 daAuts
